Map: King's Cove LE

Players

Serral

  • Race: Zerg Zerg
  • Spawn Location: 5:00

Reynor - Winner!

  • Race: Zerg Zerg
  • Spawn Location: 11:00

Event: 2019 WCS Summer

VOD

Have the link to the VOD?

Description

Time

  • Played on: July 14, 2019, 3:39 p.m.
  • Length: 11:21

All games in this series

Show
View Real Time Build Order
Export as new Build Order

Serral Zerg 

Build Orders: Hatch First 

Get SALT Encoding   

  12  0:00  Drone  
  13  0:12  Overlord  
  13  0:18  Drone  
  14  0:30  Drone x2  
  16  0:50  Hatchery  
  16  0:52  Drone  
  16  0:56  Drone  
  17  0:59  Drone  
  18  1:10  Extractor  
  17  1:15  Spawning Pool  
  17  1:18  Drone  
  17  1:21  Drone  
  18  1:28  Drone  
  19  1:38  Drone  
  20  1:49  Drone  
  21  1:59  Overlord  
  21  2:01  Queen  
  21  2:02  Queen  
  21  2:03  Zergling x2  
  26  2:10  Drone  
  26  2:12  Metabolic Boost  
  26  2:14  Drone  
  28  2:23  Drone x2  
  30  2:38  Hatchery  
  30  2:40  Drone  
  30  2:43  Drone  
  31  2:49  Baneling Nest  
  31  2:50  Drone  
  31  2:54  Overlord  
  31  2:57  Drone  
  32  3:01  Drone  
  33  3:10  Zergling x6  
  36  3:13  Zergling x4  
  36  3:14  Zergling x2  
  36  3:18  Zergling x4  
  41  3:22  Overlord  
  41  3:25  Zergling x2  
  42  3:30  Queen  
  42  3:33  Baneling x2  
  44  3:36  Evolution Chamber  
  44  3:38  Drone  
  44  3:41  Drone  
  45  3:43  Drone  
  45  3:45  Baneling  
  45  3:46  Baneling  
  45  3:48  Drone  
  47  3:50  Drone  
  48  3:59  Overlord  
  46  4:03  Zerg Missile Weapons Level 1, Drone  
  46  4:05  Zergling x2  
  46  4:09  Drone x2  
  50  4:11  Drone  
  50  4:14  Overlord  
  50  4:17  Drone  
  50  4:23  Extractor  
  50  4:24  Extractor  
  49  4:25  Drone x3  
  53  4:32  Drone x5  
  53  4:37  Lair  
  58  4:40  Drone  
  59  4:46  Roach Warren  
  59  4:47  Extractor  
  59  4:48  Drone  
  59  4:51  Drone x2  
  60  4:53  Drone  
  60  4:54  Drone  
  60  4:56  Drone  
  60  4:58  Drone  
  60  4:59  Drone  
  65  5:00  Drone  
  65  5:02  Drone  
  65  5:06  Drone x2  
  69  5:07  Drone  
  69  5:08  Drone  
  69  5:11  Overlord  
  70  5:17  Drone, Extractor  
  70  5:18  Drone  
  71  5:21  Drone x2  
  71  5:24  Overlord  
  72  5:31  Drone x2  
  72  5:33  Drone  
  72  5:34  Drone x5  
  81  5:36  Overseer  
  81  5:38  Extractor  
  81  5:39  Extractor, Overlord  
  78  5:44  Glial Reconstitution  
  78  5:46  Overlord x2  
  78  5:50  Roach  
  78  5:51  Roach  
  78  5:54  Roach x3  
  89  5:58  Spine Crawler  
  89  5:59  Roach x2  
  96  6:04  Roach x2  
  96  6:06  Roach x4  
  96  6:08  Overlord  
  104  6:12  Spine Crawler, Roach  
  104  6:14  Roach  
  104  6:18  Roach x2  
  111  6:23  Roach  
  113  6:27  Overlord  
  113  6:28  Overlord  
  113  6:30  Roach x4  
  121  6:36  Ravager, Overlord x2  
  122  6:46  Roach x6  
  122  6:54  Roach x5  
  130  7:02  Queen x2  
  130  7:03  Roach  
  130  7:07  Roach  
  130  7:08  Roach x2  
  116  7:16  Roach x4  
  116  7:19  Zerg Missile Weapons Level 2  
  116  7:21  Roach  
  126  7:23  Ravager  
  126  7:25  Ravager  
  126  7:26  Roach x2  
  132  7:30  Ravager  
  132  7:33  Roach  
  132  7:34  Spine Crawler  
  138  7:37  Roach x2  
  138  7:40  Queen x2  
  142  7:50  Roach x3  
  133  7:58  Roach x2  
  128  8:03  Ravager x2  
  128  8:04  Roach x2  
  136  8:09  Extractor  
  135  8:14  Overlord  
  135  8:15  Roach x8  
  151  8:20  Pneumatized Carapace  
  149  8:31  Drone x2  
  149  8:33  Roach  
  153  8:39  Hatchery, Overseer  
  152  8:45  Overlord x2  
  152  8:46  Tunneling Claws, Overlord x2  
  152  8:47  Burrow  
  152  8:50  Roach x5  
  162  9:00  Overlord x2  
  162  9:04  Roach  
  162  9:05  Roach x5, Ravager  
  175  9:16  Ravager, Roach x3  
  180  9:21  Drone x3  
  183  9:25  Overseer  
  183  9:26  Roach x5  
  193  9:36  Roach  
  193  9:37  Roach x2  
  199  9:50  Roach x7  
  185  9:56  Roach x2  
  161  10:01  Roach  
  131  10:07  Roach x2  
  131  10:12  Roach x5  
  145  10:15  Roach x2  
  145  10:16  Ravager x2  
  147  10:23  Roach x5  
  157  10:32  Roach  
  144  10:39  Roach x7  
  142  10:45  Roach x3  
  138  10:53  Roach x3  
  136  11:00  Roach  
Show
View Real Time Build Order
Export as new Build Order

Reynor Zerg - Winner!

Build Orders: Hatch First 

Get SALT Encoding   

  12  0:00  Drone  
  13  0:12  Overlord  
  13  0:18  Drone  
  14  0:31  Drone x2  
  16  0:49  Hatchery  
  15  0:52  Drone  
  15  0:56  Drone  
  17  0:59  Drone  
  18  1:10  Extractor  
  17  1:16  Spawning Pool  
  17  1:18  Drone  
  17  1:22  Drone  
  18  1:28  Drone  
  19  1:39  Drone  
  20  1:49  Drone  
  21  2:00  Overlord  
  21  2:01  Drone  
  22  2:02  Queen x2  
  26  2:11  Drone  
  26  2:12  Drone  
  26  2:14  Metabolic Boost  
  28  2:22  Drone x2  
  30  2:33  Zergling x2  
  31  2:42  Drone, Hatchery  
  31  2:45  Drone  
  31  2:51  Baneling Nest  
  31  2:54  Drone  
  31  2:55  Overlord  
  32  2:59  Drone  
  32  3:05  Zergling x2  
  34  3:06  Drone  
  34  3:11  Drone  
  36  3:14  Drone  
  36  3:15  Drone x3  
  36  3:16  Drone  
  41  3:20  Overlord  
  41  3:23  Zergling x2  
  42  3:28  Queen  
  44  3:35  Baneling x3, Evolution Chamber  
  44  3:37  Zergling x2  
  44  3:38  Zergling x2  
  45  3:45  Zergling x4  
  45  3:47  Drone x3  
  50  3:54  Lair  
  49  4:02  Drone x4  
  53  4:05  Baneling  
  53  4:07  Drone  
  53  4:09  Evolution Chamber  
  54  4:12  Overlord  
  54  4:14  Drone  
  54  4:15  Drone  
  56  4:17  Extractor  
  56  4:18  Extractor  
  56  4:22  Drone, Roach Warren  
  56  4:24  Drone x2  
  56  4:28  Drone  
  56  4:29  Overlord  
  56  4:31  Drone  
  56  4:32  Drone x3  
  56  4:37  Drone  
  56  4:38  Drone  
  62  4:40  Zerg Missile Weapons Level 1  
  62  4:42  Overlord  
  61  4:47  Baneling, Extractor  
  61  4:51  Drone  
  61  4:52  Drone x3  
  64  4:56  Overlord  
  64  5:05  Glial Reconstitution  
  63  5:09  Roach x4  
  63  5:12  Roach  
  75  5:14  Roach  
  75  5:17  Drone x4, Roach  
  75  5:18  Extractor  
  78  5:22  Roach x3  
  78  5:24  Drone, Overlord  
  78  5:25  Drone x2  
  87  5:29  Overlord  
  87  5:31  Roach  
  87  5:34  Ravager  
  90  5:36  Overlord  
  89  5:43  Roach x2, Nydus Network  
  89  5:47  Overseer  
  89  5:49  Zergling x10  
  97  5:53  Roach x2  
  97  5:54  Roach  
  105  5:57  Roach  
  105  6:01  Roach x2  
  109  6:05  Overlord x2  
  109  6:07  Roach  
  109  6:10  Roach  
  113  6:19  Nydus Canal  
  113  6:22  Overlord  
  113  6:24  Roach x6  
  125  6:27  Roach x2  
  129  6:34  Nydus Canal  
  129  6:35  Drone  
  130  6:41  Roach x3  
  130  6:45  Roach x2  
  136  6:47  Roach x3  
  136  6:48  Nydus Canal, Roach  
  136  6:53  Roach x2  
  136  6:55  Overlord  
  136  6:56  Ravager  
  135  7:02  Roach  
  135  7:04  Roach x3  
  135  7:06  Roach x2  
  135  7:07  Roach  
  133  7:10  Roach x2  
  133  7:13  Roach  
  133  7:14  Roach  
  133  7:17  Roach x2  
  133  7:19  Roach  
  139  7:25  Drone x2  
  139  7:26  Extractor  
  139  7:28  Overlord  
  140  7:30  Zerg Missile Weapons Level 2  
  140  7:31  Drone x2  
  140  7:35  Drone x2  
  144  7:37  Drone x2  
  144  7:38  Overlord  
  146  7:47  Roach x3  
  146  7:48  Roach  
  146  7:49  Roach x2  
  146  7:51  Roach  
  142  7:54  Roach  
  130  8:01  Drone  
  130  8:02  Pneumatized Carapace  
  130  8:05  Evolution Chamber  
  130  8:10  Hatchery, Roach x3  
  130  8:12  Roach  
  137  8:17  Roach x3  
  137  8:18  Ravager  
  137  8:19  Ravager  
  145  8:26  Roach x4  
  153  8:29  Roach x2  
  153  8:30  Ravager  
  153  8:34  Overlord x2  
  158  8:39  Overlord  
  158  8:41  Zerg Ground Armor Level 1  
  158  8:47  Overlord  
  158  8:56  Ravager, Roach x3  
  158  8:57  Roach x2  
  158  9:02  Roach x4  
  177  9:05  Roach  
  177  9:06  Roach  
  181  9:15  Roach x6  
  183  9:18  Overseer  
  183  9:24  Roach x2  
  183  9:25  Roach x2  
  183  9:29  Overlord  
  191  9:36  Ravager  
  192  9:38  Overlord  
  190  9:52  Roach x11  
  200  9:57  Roach x4  
  200  9:59  Roach  
  182  10:00  Roach  
  182  10:03  Roach  
  182  10:05  Roach x2  
  172  10:09  Roach x2  
  172  10:13  Roach x3  
  184  10:21  Roach x2  
  184  10:24  Nydus Canal  
  184  10:25  Roach x2  
  188  10:31  Roach x2  
  188  10:32  Roach  
  188  10:33  Roach  
  178  10:37  Roach x2  
  178  10:41  Roach  
  178  10:42  Roach x3  
  174  10:44  Roach  
  174  10:48  Roach x2  
  174  10:49  Roach  
  172  10:52  Roach x2  
  172  10:55  Roach  
  170  10:57  Roach x3  
  162  11:11  Ravager  
  160  11:16  Ravager  
Tags
 
Add a new tag
Caveats
  • Supply blocks, unpowered buildings, or Contaminate may cause inaccurate times.
  • Supply counts are checked every 10 seconds.